Unix NetHack Version 3.7.0-66 Work-in-progress - last build Oct 24 2022 02:09:04 (0cf9ee0665dfd4e3628fd2b6ead320895a4d4695,branch:master). Game began 2022-10-25 16:40:16, ended 2022-10-25 17:31:48. torpedovariant, lawful female human Samurai ------------------------ |............/^^^^^^^..| |..-------------------.| ----.| ----- |.| |..|.-- --...| |.| |.....|--|.0..| |.| |...@.|..|.00.| |.| --...0|.....0-- |.| |.......|0..| ------|.| |....|..|.0.| --|.....|.| |...0---|0..| |.+.....|.| |.......|..-- |-|.....|.| ----.0..|.-- |.+.....+.| ---.--.| |-|.....|-- |.....| |.+.....| |>.|..| --|.....| ------- ------- Torpedovariant the Kunoichi St:16 Dx:17 Co:18 In:10 Wi:9 Ch:6 Lawful Dlvl:3 $:0 HP:0(75) Pw:27(27) AC:-1 Exp:8 T:6849 Latest messages: You try to move the boulder, but in vain. You try to move the boulder, but in vain. The boulder falls into and plugs a hole in the floor! Pick an object. You have a little trouble lifting J - 2 gunyoki. Air currents pull you down into a hole! Your movements are slowed slightly because of your load. Where do you want to travel to? (For instructions type a '?') What do you want to use or apply? [bks-v or ?*] You have a little trouble removing H - a cram ration. You have a little trouble removing J - 7 gunyoki (9 in total). Autopickup: OFF. You drop a cram ration. You drop 9 gunyoki. Your movements are now unencumbered. What do you want to use or apply? [bks-v or ?*] You put 127 gold pieces into the bag called holding. You climb up the stairs. With great effort you move the boulder. You see here a cockatrice corpse. You try to move the boulder, but in vain. You try to move the boulder, but in vain. The boulder falls into and plugs a hole in the floor! With great effort you move the boulder. You see here a cockatrice corpse. The boulder falls into and plugs a hole in the floor! What do you want to put on? [t or ?*] You are now wearing a blindfold. You can't see any more. What do you want to remove? [t or ?*] You were wearing an uncursed blindfold. You can see again. With great effort you move the boulder. You see here a cockatrice corpse. The boulder falls into and plugs a hole in the floor! With great effort you move the boulder. You see here a cockatrice corpse. The boulder falls into and plugs a hole in the floor! There is a hole here. You see here a wand of create monster. Air currents pull you down into a hole! You remember this level as stash <. Where do you want to travel to? (For instructions type a '?') Autopickup: ON, for $"%?!=/ objects, with some exceptions. You climb up the stairs. Touching a cockatrice corpse is a fatal mistake. You turn to stone... Do you want your possessions identified? [ynq] (y) Inventory: Weapons a - an uncursed +0 katana (weapon in hand) Armor B - an uncursed +0 elven mithril-coat (being worn) C - a cursed +0 cloak of magic resistance (being worn) D - an uncursed +0 pair of jumping boots (being worn) F - an uncursed +0 dwarvish iron helm (being worn) G - an uncursed +0 elven shield (being worn) Tools b - an uncursed bag of holding containing 77 items k - an uncursed skeleton key s - an uncursed sack named cancellation containing 1 item t - an uncursed blindfold u - an uncursed +0 unicorn horn v - an uncursed magic lamp (lit) Contents of the bag of holding: 1187 gold pieces 10 uncursed +0 elven arrows 5 blessed +5 elven arrows 6 cursed -1 elven arrows an uncursed +0 ya an uncursed +0 yumi a cursed -1 pair of gauntlets of fumbling an uncursed +0 pair of water walking boots a blessed +0 mummy wrapping 5 uncursed habaneros an uncursed tripe ration an uncursed tripe ration an uncursed scroll of food detection a cursed scroll of gold detection a cursed scroll of gold detection a cursed scroll of fire 2 cursed scrolls of teleportation a blessed scroll of confuse monster an uncursed scroll of taming 3 uncursed scrolls of remove curse an uncursed scroll of enchant armor a cursed scroll of enchant armor a blessed scroll of enchant armor a cursed scroll of earth 2 uncursed scrolls of earth a cursed scroll of enchant weapon 2 uncursed scrolls of identify 3 cursed scrolls of identify an uncursed scroll of identify a blessed scroll of identify a cursed scroll of light a blessed scroll of blank paper 2 uncursed scrolls of blank paper a cursed scroll of blank paper a cursed scroll of blank paper an uncursed scroll of blank paper a blessed scroll of blank paper a cursed scroll of create monster an uncursed potion of extra healing a blessed potion of healing an uncursed potion of monster detection a cursed potion of gain ability an uncursed potion of see invisible an uncursed potion of sake a blessed potion of acid a blessed potion of sleeping an uncursed potion of water 2 uncursed potions of water an uncursed ring of searching an uncursed ring of see invisible an uncursed ring of cold resistance a cursed +1 ring of adornment an uncursed ring of regeneration a cursed ring of regeneration an uncursed ring of regeneration a cursed wand of probing (0:6) a cursed wand of polymorph (0:3) an uncursed wand of sleep (0:5) a cursed wand of teleportation (0:0) an uncursed wand of create monster (0:14) an uncursed wand of fire (0:7) an uncursed wand of magic missile (0:5) an uncursed wand of magic missile (0:3) a cursed wand of striking (0:3) an uncursed wand of striking (0:5) an uncursed tin whistle a cursed brass lantern a cursed brass lantern an uncursed magic lamp an uncursed +0 pick-axe an uncursed worthless piece of orange glass 3 uncursed worthless pieces of red glass 2 uncursed worthless pieces of white glass an uncursed opal an uncursed worthless piece of yellowish brown glass an uncursed chrysoberyl stone a cursed worthless piece of yellow glass Contents of the sack named cancellation: an uncursed wand of cancellation (0:7) Torpedovariant the Samurai's attributes: Background: You were a Kunoichi, a level 8 female human Samurai. You were lawful, on a mission for Amaterasu Omikami who was opposed by Raijin (neutral) and Susanowo (chaotic). You were in Sokoban, on level 3. You entered the dungeon 6849 turns ago. There was a new moon in effect when your adventure ended. You had 2202 experience points, 358 more were needed to attain level 9. Basics: You had 0 out of 75 hit points. You had all 27 energy points (spell power). Your armor class was -1. Your wallet was empty, but you had 1187 zorkmids stashed away in your pack. Autopickup was on for '$"%?!=/' plus thrown, with exceptions. Final Characteristics: Your strength was 16 (limit:18/100). Your dexterity was 17 (limit:18). Your constitution was 18 (limit:18). Your intelligence was 10 (limit:18). Your wisdom was 9 (limit:18). Your charisma was 6 (limit:18). Final Status: You were not hungry. You were unencumbered. You were wielding a long sword. You had expert skill with long sword. Final Attributes: You were piously aligned. You were magic-protected. You were poison resistant. You were telepathic. You could jump. You were guarded. You were fast. You are dead. Miscellaneous: You encountered 1 bones level. Total elapsed playing time was 51 minutes and 31 seconds. Major events: Turn 1: torpedovariant the lawful female human Samurai entered the dungeon 507: entered the Gnomish Mines 922: attained the rank of Ronin (level 3) 2381: attained the rank of Kunoichi (level 6) 2679: destroyed MoonPig's ghost, the former Thaumaturge 3801: reached Mine Town 5269: entered Sokoban 5593: completed 1st Sokoban level 6033: completed 2nd Sokoban level 6478: completed 3rd Sokoban level 6849: petrified by a cockatrice corpse Vanquished creatures: a ghost a large mimic a chameleon a giant beetle a quivering blob a cockatrice 5 leprechauns an orc-captain a werewolf 2 dingoes a dog a black unicorn a dust vortex a raven a gnome mummy a rope golem 3 Woodland-elves a fire ant a quasit a water nymph 7 Mordor orcs a rock piercer a fog cloud 2 shriekers 2 violet fungi 6 gnome leaders 2 gnomish wizards a kobold mummy 3 elf zombies a ghoul 2 paper golems a little dog 2 floating eyes 5 dwarves a kobold shaman 4 hill orcs a rothe 2 giant bats a dwarf zombie 3 iguanas 14 killer bees 2 acid blobs 4 coyotes a gas spore 4 hobbits 4 manes a hobgoblin 2 giant rats 3 cave spiders a yellow mold 21 gnomes a gnome zombie a gecko 7 jackals a fox 2 kobolds a goblin a sewer rat 8 grid bugs 5 lichens 4 newts 163 creatures vanquished. No species were genocided or became extinct. Voluntary challenges: You read items or engraved 8 times. You engraved Elbereth 1 time. You never genocided any monsters. You never polymorphed an object. You never changed form. You used no wishes. You did not violate any of the special Sokoban rules. Achievements: You entered the Gnomish Mines. You entered a shop. You attained the rank of Ronin. You attained the rank of Kunoichi. You entered Minetown. You entered a temple. You entered Sokoban. The Dungeons of Doom: levels 1 to 7 Level 1: Some fountains, a sink. Level 2: A sink. Level 3: "stash >" Stairs down to The Gnomish Mines. Level 4: "stash chest >" A general store, a fountain. Level 5: A fountain. Level 6: Many fountains. Level 7: Stairs up to Sokoban, level 6. The Gnomish Mines: levels 4 to 7 Level 4: Level 5: "stash >" Level 6: A grave. Final resting place for MoonPig-Wiz-Orc-Fem-Cha, killed by a gnome. Level 7: Many shops, a temple, some fountains. Sokoban: levels 6 up to 3 Level 3: <- You were here. Unsolved. Final resting place for you, petrified by a cockatrice corpse. Level 4: "stash <" Solved. Level 5: Solved. Level 6: Solved. Game over: ---------- / \ / REST \ / IN \ / PEACE \ / \ | torpedovariant | | 1187 Au | | petrified by a | | cockatrice | | corpse | | | | 2022 | *| * * * | * _________)/\\_//(\/(/\)/\//\/|_)_______ Sayonara torpedovariant the Samurai... You turned to stone in Sokoban on dungeon level 3 with 10217 points, and 1187 pieces of gold, after 6849 moves. You were level 8 with a maximum of 75 hit points when you turned to stone.